cohdb
Replays
Latest Replays
All Replays
Popular Replays
Top Player Replays
Match Explorer
How It Works
Community
CoH3 Stats
Reddit
Sign in to upload your games and track your stats! →
Sign in with Steam
Match 43809707
Unlisted
Match 43809707
Overview
Messages
Build Orders
End
Panzergrenadier Squad
250 Light Carrier
Panzergrenadier Squad
Construct Light Support Kompanie
Combat Half-tracks
Selects Italian Infantry
Selects Italian Infantry
Panzergrenadier Squad
Fire Support Elements
Panzerjäger Mechanized Group
Selects Guastatori Squad
Selects L6/40 Light Tank Combat Group
Flakvierling Half-track
2.5-tonne Medical Truck
Pak 38 Anti-tank Gun Team
Veteran Squad Leaders
Construct Panzerarmee Kommand
Walking Stuka Rocket Launcher
Flak 36 Anti-tank Gun Team
Armored Reserves
Guastatori Squad
Guastatori Squad
Guastatori Squad
Chikage
An.Ritter
JT
只出曲线
Leveuille
ㅁㅁㅁㅁㅁ
ckdgus813
Taka_nL
0
0
Comments
sign in to comment!
No comments posted yet!